[ AOE2 MATCH · #505043863 ]
UnrankedRomans vs Franks
Player's team · WIN
Rival team · LOSS
[ REPLAY ANALYSIS · EXTRACTED FROM THE RECORDED GAME ]
Feudal
9:40
Castle
20:18
Imperial
35:11
| APM avg | 84.9 |
| APM peak | 131 |
| eAPM avg | 36.4 |
| Villagers / military | 200 / 280 |
Focus
⚔️ 41.1% · 🌾 58.9%
Centurion ×96 · Militia ×91 · Archer ×39 · Scorpion ×26 · Spearman ×13 · Skirmisher ×10
Feudal
8:35
Castle
18:10
Imperial
37:39
| APM avg | 67.9 |
| APM peak | 133 |
| eAPM avg | 35.6 |
| Villagers / military | 188 / 154 |
Focus
⚔️ 49.2% · 🌾 50.8%
Hand Cannoneer ×54 · Spearman ×37 · Skirmisher ×29 · Bombard Cannon ×11 · Cavalry Archer ×10 · Monk ×6
Match map
Initial resources + every placement click. Lines = walls · curves = elevation contours. ◆ gold · ⬟ stone · ● berries · ✦ relic · ◌ wall gap
Your base· ✓ Closed at 20:18 · 35t walls · 4 gate(s)
Mariann's base· Open — unwalled flank
Smoothed initial terrain · ◌ = detected wall gap · hover for details
Inputs per minute
— jsemosoom - - Mariann
Build order — jsemosoom
First 150 of 766 actions detected
| 0:00 | Create | Villager (Male) |
| 0:01 | Create | Villager (Male) |
| 0:01 | Create | Villager (Male) |
| 0:02 | Build | House |
| 0:03 | Build | House |
| 0:14 | Create | Villager (Male) |
| 0:14 | Create | Villager (Male) |
| 1:27 | Create | Villager (Male) |
| 1:27 | Create | Villager (Male) |
| 1:47 | Build | Lumber Camp |
| 2:02 | Create | Villager (Male) |
| 2:03 | Create | Villager (Male) |
| 2:25 | Create | Villager (Male) |
| 2:25 | Create | Villager (Male) |
| 2:44 | Create | Villager (Male) |
| 3:11 | Create | Villager (Male) |
| 3:11 | Create | Villager (Male) |
| 3:31 | Create | Villager (Male) |
| 3:32 | Create | Villager (Male) |
| 3:52 | Build | House |
| 4:06 | Create | Villager (Male) |
| 4:06 | Create | Villager (Male) |
| 4:12 | Build | House |
| 4:34 | Create | Villager (Male) |
| 4:34 | Create | Villager (Male) |
| 4:41 | Create | Villager (Male) |
| 5:19 | Build | Barracks |
| 5:36 | Create | Villager (Male) |
| 5:43 | Build | House |
| 6:02 | Create | Villager (Male) |
| 6:16 | Create | Militia |
| 6:18 | Create | Militia |
| 6:23 | Build | Palisade Wall |
| 6:40 | Build | Palisade Wall |
| 6:46 | Create | Villager (Male) |
| 7:00 | Create | Militia |
| 7:04 | Research | Loom |
| 7:04 | Research | Loom |
| 7:04 | Research | Loom |
| 7:21 | Research | Feudal Age |
| 7:21 | Research | Feudal Age |
| 7:49 | Build | Mill |
| 8:02 | Create | Villager (Male) |
| 8:32 | Build | Mining Camp |
| 9:40 | Age | Feudal Age |
| 9:46 | Create | Villager (Male) |
| 9:51 | Research | Man-at-Arms (upgrade) |
| 9:54 | Build | Archery Range |
| 9:58 | Research | Double-Bit Axe |
| 10:00 | Create | Villager (Male) |
| 10:24 | Create | Villager (Male) |
| 10:38 | Build | House |
| 10:40 | Build | Palisade Wall |
| 10:47 | Build | House |
| 10:48 | Build | Palisade Wall |
| 10:49 | Create | Archer |
| 10:54 | Build | Palisade Wall |
| 10:59 | Create | Spearman |
| 11:04 | Build | Farm |
| 11:05 | Build | Farm |
| 11:10 | Create | Villager (Male) |
| 11:11 | Build | Farm |
| 11:19 | Create | Spearman |
| 11:24 | Create | Villager (Male) |
| 11:24 | Create | Archer |
| 11:32 | Build | Farm |
| 11:49 | Create | Villager (Male) |
| 11:58 | Create | Villager (Male) |
| 12:01 | Build | Palisade Gate |
| 12:01 | Build | Palisade Wall |
| 12:03 | Create | Archer |
| 12:17 | Create | Villager (Male) |
| 12:17 | Create | Villager (Male) |
| 12:19 | Build | Palisade Wall |
| 12:26 | Build | Palisade Gate |
| 12:33 | Build | Palisade Gate |
| 12:38 | Build | House |
| 12:41 | Create | Villager (Male) |
| 12:41 | Create | Villager (Male) |
| 12:46 | Build | Palisade Gate |
| 12:53 | Create | Archer |
| 13:02 | Build | Farm |
| 13:02 | Build | Farm |
| 13:06 | Create | Archer |
| 13:18 | Build | Farm |
| 13:21 | Build | Palisade Wall |
| 13:30 | Build | Farm |
| 13:34 | Build | Farm |
| 13:47 | Build | Farm |
| 13:50 | Create | Archer |
| 13:56 | Build | Farm |
| 14:07 | Create | Villager (Male) |
| 14:26 | Create | Archer |
| 14:39 | Research | Horse Collar |
| 14:43 | Build | Blacksmith |
| 14:45 | Create | Villager (Male) |
| 14:48 | Build | House |
| 14:51 | Create | Archer |
| 15:05 | Research | Horse Collar |
| 15:05 | Research | Horse Collar |
| 15:07 | Create | Villager (Male) |
| 15:21 | Build | Farm |
| 15:24 | Build | House |
| 15:33 | Create | Villager (Male) |
| 15:34 | Create | Archer |
| 15:57 | Create | Villager (Male) |
| 16:01 | Build | Farm |
| 16:01 | Build | Farm |
| 16:17 | Create | Archer |
| 16:19 | Create | Villager (Male) |
| 16:20 | Create | Archer |
| 16:27 | Build | House |
| 16:28 | Build | House |
| 16:52 | Create | Villager (Male) |
| 17:14 | Create | Villager (Male) |
| 17:30 | Create | Villager (Male) |
| 17:38 | Research | Castle Age |
| 17:38 | Research | Castle Age |
| 17:42 | Build | Farm |
| 18:04 | Create | Archer |
| 18:18 | Build | Archery Range |
| 18:23 | Build | Lumber Camp |
| 18:43 | Research | Fletching |
| 18:43 | Research | Padded Archer Armor |
| 18:43 | Research | Padded Archer Armor |
| 18:44 | Create | Archer |
| 18:46 | Create | Villager (Male) |
| 18:48 | Build | Lumber Camp |
| 18:50 | Research | Gold Mining |
| 18:50 | Research | Gold Mining |
| 18:57 | Build | House |
| 18:59 | Build | House |
| 19:04 | Create | Archer |
| 19:33 | Build | Market |
| 19:35 | Build | House |
| 19:37 | Build | House |
| 19:38 | Create | Archer |
| 20:18 | Age | Castle Age |
| 20:20 | Create | Villager (Male) |
| 20:23 | Build | Town Center |
| 20:26 | Create | Archer |
| 20:31 | Research | Crossbowman (upgrade) |
| 20:40 | Research | Bodkin Arrow |
| 20:40 | Research | Bodkin Arrow |
| 20:45 | Create | Villager (Male) |
| 20:47 | Build | Monastery |
| 20:51 | Build | Monastery |
| 20:53 | Create | Archer |
| 21:14 | Create | Villager (Male) |
| 21:18 | Create | Archer |
Build order — Mariann
First 150 of 565 actions detected
| 0:00 | Create | Villager (Male) |
| 0:02 | Build | House |
| 0:03 | Build | House |
| 0:12 | Create | Villager (Male) |
| 0:12 | Create | Villager (Male) |
| 0:15 | Create | Villager (Male) |
| 0:15 | Create | Villager (Male) |
| 1:42 | Create | Villager (Male) |
| 1:43 | Create | Villager (Male) |
| 2:01 | Create | Villager (Male) |
| 2:01 | Create | Villager (Male) |
| 2:09 | Create | Villager (Male) |
| 2:09 | Create | Villager (Male) |
| 2:43 | Create | Villager (Male) |
| 2:43 | Create | Villager (Male) |
| 2:57 | Build | Lumber Camp |
| 2:57 | Create | Villager (Male) |
| 3:50 | Create | Villager (Male) |
| 3:50 | Create | Villager (Male) |
| 3:50 | Create | Villager (Male) |
| 3:57 | Build | House |
| 4:04 | Create | Villager (Male) |
| 4:11 | Create | Villager (Male) |
| 4:16 | Create | Villager (Male) |
| 4:16 | Create | Villager (Male) |
| 5:15 | Build | Mill |
| 5:31 | Create | Villager (Male) |
| 6:25 | Research | Feudal Age |
| 6:25 | Research | Feudal Age |
| 7:08 | Build | House |
| 7:38 | Build | Barracks |
| 7:49 | Build | Palisade Wall |
| 7:50 | Build | Palisade Wall |
| 8:12 | Create | Villager (Male) |
| 8:35 | Age | Feudal Age |
| 8:39 | Build | Stable |
| 8:41 | Create | Villager (Male) |
| 8:47 | Research | Loom |
| 8:59 | Build | House |
| 9:00 | Build | Palisade Wall |
| 9:09 | Create | Villager (Male) |
| 9:20 | Build | Palisade Wall |
| 9:20 | Create | Scout Cavalry |
| 9:20 | Create | Scout Cavalry |
| 9:30 | Build | Palisade Wall |
| 9:36 | Create | Villager (Male) |
| 9:41 | Build | Farm |
| 9:53 | Create | Villager (Male) |
| 9:53 | Create | Scout Cavalry |
| 10:09 | Create | Villager (Male) |
| 10:22 | Create | Villager (Male) |
| 10:36 | Build | House |
| 10:38 | Build | Palisade Wall |
| 10:41 | Create | Scout Cavalry |
| 10:44 | Build | Farm |
| 10:51 | Build | Farm |
| 11:06 | Create | Villager (Male) |
| 11:07 | Create | Scout Cavalry |
| 11:14 | Build | House |
| 11:21 | Build | Farm |
| 11:34 | Build | House |
| 11:35 | Build | Palisade Wall |
| 11:36 | Build | Palisade Wall |
| 11:41 | Create | Villager (Male) |
| 11:55 | Build | Farm |
| 12:18 | Create | Villager (Male) |
| 12:55 | Create | Villager (Male) |
| 13:00 | Build | Mining Camp |
| 13:11 | Create | Villager (Male) |
| 13:32 | Create | Villager (Male) |
| 13:39 | Build | Archery Range |
| 13:42 | Build | Farm |
| 13:46 | Build | Farm |
| 14:04 | Create | Villager (Male) |
| 14:06 | Build | Farm |
| 14:29 | Build | Farm |
| 14:37 | Create | Villager (Male) |
| 14:46 | Build | House |
| 14:52 | Build | Farm |
| 14:54 | Create | Villager (Male) |
| 15:11 | Create | Skirmisher |
| 15:30 | Research | Castle Age |
| 15:30 | Research | Castle Age |
| 15:39 | Build | Lumber Camp |
| 15:57 | Create | Skirmisher |
| 16:01 | Build | Farm |
| 16:12 | Build | Palisade Wall |
| 16:14 | Build | Palisade Wall |
| 16:30 | Create | Villager (Male) |
| 16:32 | Build | House |
| 16:51 | Create | Skirmisher |
| 16:56 | Build | Palisade Wall |
| 17:04 | Build | House |
| 17:19 | Build | Blacksmith |
| 17:29 | Create | Villager (Male) |
| 17:34 | Create | Skirmisher |
| 17:41 | Build | House |
| 18:01 | Create | Scout Cavalry |
| 18:10 | Age | Castle Age |
| 18:14 | Create | Knight |
| 18:24 | Build | Palisade Wall |
| 18:40 | Create | Villager (Male) |
| 19:05 | Build | Town Center |
| 19:20 | Create | Villager (Male) |
| 19:22 | Build | Monastery |
| 19:30 | Research | Double-Bit Axe |
| 19:30 | Research | Double-Bit Axe |
| 19:35 | Create | Villager (Male) |
| 19:41 | Create | Cavalry Archer |
| 19:58 | Create | Monk |
| 20:00 | Create | Villager (Male) |
| 20:05 | Create | Skirmisher |
| 20:08 | Create | Monk |
| 20:08 | Create | Monk |
| 20:09 | Create | Villager (Male) |
| 20:09 | Create | Villager (Male) |
| 20:12 | Build | Farm |
| 20:30 | Create | Skirmisher |
| 20:31 | Create | Skirmisher |
| 20:32 | Research | Fletching |
| 20:33 | Create | Villager (Male) |
| 20:42 | Create | Villager (Male) |
| 20:47 | Build | Town Center |
| 20:52 | Create | Monk |
| 21:03 | Create | Villager (Male) |
| 21:03 | Create | Villager (Male) |
| 21:14 | Build | Farm |
| 21:15 | Build | Farm |
| 21:18 | Build | Farm |
| 21:19 | Build | Farm |
| 21:20 | Create | Villager (Male) |
| 21:20 | Create | Villager (Male) |
| 21:32 | Create | Villager (Male) |
| 21:32 | Create | Villager (Male) |
| 21:35 | Build | Farm |
| 21:36 | Build | Farm |
| 21:37 | Build | Farm |
| 21:44 | Create | Skirmisher |
| 21:46 | Create | Villager (Male) |
| 21:52 | Build | Farm |
| 22:11 | Research | Padded Archer Armor |
| 22:18 | Build | House |
| 22:22 | Create | Villager (Male) |
| 22:35 | Build | House |
| 22:41 | Build | Market |
| 22:42 | Create | Villager (Male) |
| 22:42 | Create | Villager (Male) |
| 23:14 | Research | Elite Skirmisher (upgrade) |
| 23:20 | Build | Palisade Wall |
| 23:22 | Create | Villager (Male) |
Match timeline
| 5:19 | jsemosoom · first_building Barracks |
| 6:23 | jsemosoom · wall_segment Palisade Wall x8 |
| 6:40 | jsemosoom · wall_segment Palisade Wall x8 |
| 7:38 | Mariann · first_building Barracks |
| 7:49 | Mariann · wall_segment Palisade Wall x1 |
| 7:50 | Mariann · wall_segment Palisade Wall x1 |
| 8:35 | Mariann · age_up feudal |
| 8:39 | Mariann · first_building Stable |
| 9:00 | Mariann · wall_segment Palisade Wall x1 |
| 9:20 | Mariann · wall_segment Palisade Wall x2 |
| 9:30 | Mariann · wall_segment Palisade Wall x1 |
| 9:40 | jsemosoom · age_up feudal |
| 9:54 | jsemosoom · first_building Archery Range |
| 10:38 | Mariann · wall_segment Palisade Wall x4 |
| 10:40 | jsemosoom · wall_segment Palisade Wall x7 |
| 10:48 | jsemosoom · wall_segment Palisade Wall x6 |
| 10:54 | jsemosoom · wall_segment Palisade Wall x3 |
| 11:35 | Mariann · wall_segment Palisade Wall x1 |
| 11:36 | Mariann · wall_segment Palisade Wall x1 |
| 12:01 | jsemosoom · wall_segment Palisade Wall x1 |
| 12:19 | jsemosoom · wall_segment Palisade Wall x1 |
| 13:21 | jsemosoom · wall_segment Palisade Wall x1 |
| 13:39 | Mariann · first_building Archery Range |
| 16:12 | Mariann · wall_segment Palisade Wall x1 |
| 16:14 | Mariann · wall_segment Palisade Wall x6 |
| 16:56 | Mariann · wall_segment Palisade Wall x1 |
| 18:10 | Mariann · age_up castle |
| 18:24 | Mariann · wall_segment Palisade Wall x1 |
| 19:22 | Mariann · first_building Monastery |
| 20:18 | jsemosoom · age_up castle |
| 20:47 | jsemosoom · first_building Monastery |
| 23:20 | Mariann · wall_segment Palisade Wall x6 |
| 24:08 | jsemosoom · first_market_sell 100 food |
| 24:09 | jsemosoom · first_market_buy 100 wood |
| 28:14 | Mariann · first_market_buy 100 stone |
| 32:53 | Mariann · first_building Castle |
| 33:43 | jsemosoom · first_building Castle |
| 34:08 | jsemosoom · wall_segment Stone Wall x3 |
| 34:17 | Mariann · first_market_sell 500 wood |
| 34:40 | jsemosoom · first_building Siege Workshop |
| 35:11 | jsemosoom · age_up imperial |
| 36:12 | jsemosoom · wall_segment Stone Wall x1 |
| 37:39 | Mariann · age_up imperial |
| 38:00 | Mariann · first_building Siege Workshop |
| 50:12 | Mariann · resign |
[ AI ANALYSIS · 1 CREDIT ]
What really happened in this match?
Wolo.gg analyzes every decision: build order, eco, micro, common mistakes by bracket. Personalized analysis on WhatsApp or Discord in 30 seconds.
Civ guide
Romans
Perfil
Jugador #2388792